 Dungeon Crawl Stone Soup version 0.22.1-2-g9c5b331 (webtiles) character file.

618 toffzen the Ruffian (level 7, -10/67 HPs)
             Began as a Troll Arcane Marksman on Dec 13, 2018.
             Mangled by an orc warrior
             ... wielding a +0 glaive
              (19 damage)
             ... on level 6 of the Dungeon.
             The game lasted 00:06:02 (3233 turns).

toffzen the Ruffian (Troll Arcane Marksman)         Turns: 3233, Time: 00:06:03

Health: -10/67     AC:  9    Str: 19    XL:     7   Next: 21%
Magic:  7/7        EV: 10    Int:  9    God:
Gold:   198        SH:  0    Dex: 12    Spells: 5/8 levels left

rFire    + . .     SeeInvis .     - Unarmed
rCold    + . .     Gourm    +   (no shield)
rNeg     . . .     Faith    .   a - +0 robe
rPois    +         Spirit   .   (helmet restricted)
rElec    +         Reflect  .   k - scarf {cloud immunity}
rCorr    +         Harm     .   (gloves unavailable)
MR       .....                  (boots unavailable)
Stlth    +.........             (no amulet)
HPRegen  0.61/turn              r - +4 ring of protection
MPRegen  0.10/turn              (no ring)

@: resistant
A: large, unfitting armour, claws 3, fast metabolism 3, gourmand, regeneration
1, shaggy fur 1, tough skin 2
a: no special abilities


You were on level 6 of the Dungeon.
You were very full.

You visited 1 branch of the dungeon, and saw 6 of its levels.

You collected 198 gold pieces.

Inventory:

Hand Weapons
 t - a +1 trident of protection
 y - a +0 hunting sling
Missiles
 c - 4 large rocks (quivered)
 d - 2 throwing nets
 e - 58 stones
 q - 5 tomahawks
Armour
 a - a +0 robe (worn)
 k - a scarf of cloud immunity (worn)
Jewellery
 r - a +4 ring of protection (left claw)
Scrolls
 l - 3 scrolls of teleportation
 o - 2 scrolls of noise
 p - a scroll of magic mapping
 s - a scroll of fog {unknown}
 u - a scroll of enchant armour {unknown}
 x - a scroll of remove curse {unknown}
Potions
 g - a potion of mutation
 h - a potion of curing
 i - a potion of might {unknown}
 j - a potion of invisibility {unknown}
 m - a potion of magic {unknown}
 n - a potion of lignification {unknown}
 v - a potion of resistance
 w - a potion of degeneration {unknown}
 z - a potion of haste {unknown}
 A - 2 potions of heal wounds {unknown}
Comestibles
 f - 11 rations


   Skills:
 + Level 3.6 Fighting
 - Level 1.7 Throwing
 - Level 1.5 Dodging
 * Level 6.2 Unarmed Combat
 - Level 1.0 Spellcasting
 - Level 2.0 Hexes


You had 5 spell levels left.
You knew the following spells:

 Your Spells              Type           Power        Failure   Level  Hunger
a - Corona                Hex            #......      16%         1    ##.....
b - Blink                 Tloc           N/A          50%         2    ###....

Your spell library contained the following spells:

 Spells                   Type           Power        Failure   Level  Hunger
 Slow                     Hex            #.......     24%         2    ###....
 Magic Dart               Conj           #...         36%         1    ##.....
 Call Imp                 Summ           #.......     50%         2    ###....
 Inner Flame              Hex/Fire       #.......     58%         3    ####...
 Portal Projectile        Hex/Tloc       #.....       58%         3    ####...
 Conjure Flame            Conj/Fire      #.......     73%         3    ####...
 Mephitic Cloud           Conj/Pois/Air  #.......     73%         3    ####...
 Cause Fear               Hex            #.........   85%         4    #####..
 Leda's Liquefaction      Hex/Erth       #.........   94%         4    #####..


Dungeon Overview and Level Annotations

Branches:
Dungeon (7/15)
 Temple: D:4-7

Altars:
Xom

Shops:
D:4 %


Innate Abilities, Weirdness & Mutations

You are too large for most types of armour.
You have claws for hands.
Your metabolism is lightning-fast.
You like to eat raw meat.
Your natural rate of healing is unusually fast.
You are covered in fur. (AC +1)
You have very tough skin. (AC +2)


Message History

You feel sick.
You feel sick.
You feel better.
As you read the scroll labeled HUSETIE PUNE, it crumbles to dust.
You hear a loud clanging noise!
It was a scroll of noise.
You hear a shout!
The orc warrior hits you from afar with a glaive!
* * * LOW HITPOINT WARNING * * *
Okay, then.
As you read the scroll labeled RIOGEL GUBAOR, it crumbles to dust.
You feel aware of your surroundings.
It was a scroll of magic mapping.
You closely miss the orc.
The orc is moderately wounded.
It was a potion of resistance.
You feel protected. The orc hits you with a flail.
* * * LOW HITPOINT WARNING * * *
The orc warrior hits you with a glaive!!
You die...

*,,,,,,,,,,,,,,,* **,**
*,*************** *,,,,
*,* *,,** *,* *,,*
*,########## *,,*
*,.........## *****,,*
*,,######.#.######...,,,*
*,,* #..o###o>.....#**,**
*,,* #.##@#.######.#**,*
*,,* #.###o## *,,,,,*
**,,**#o# #.# *,,****
#......o#*#.# ****,,*
#........,#.# *,,,,,*
#.#.#####.#.# *,**,**
*,#,* *.#.# *,**,*
*,,,*****,#.# *,**,*
**,,,,,,,,..#***,**,**


You could see an orc warrior and an orc.

Vanquished Creatures
  A hungry ghost (D:2)
  2 scorpions
  A crimson imp (D:7)
  2 orc wizards (D:4)
  An orc priest (D:6)
  A bullfrog skeleton (D:7)
  A worker ant (D:4)
  8 adders
  A shadow imp (D:7)
  3 oozes
  3 worms
  2 dart slugs
  5 leopard geckos
  13 orcs
  14 bats
  2 giant cockroaches
  4 goblins
  11 hobgoblins
  8 jackals
  4 quokkas
  4 ball pythons
  4 frilled lizards
  4 kobolds
  11 rats
110 creatures vanquished.

Notes
Turn   | Place    | Note
-------+----------+-------------------------------------------
     0 | D:1      | toffzen the Troll Arcane Marksman began the quest for the
                  | Orb.
     0 | D:1      | Reached XP level 1. HP: 18/18 MP: 1/1
   132 | D:1      | Reached skill level 1 in Fighting
   150 | D:1      | Reached skill level 1 in Unarmed Combat
   150 | D:1      | Reached XP level 2. HP: 24/27 MP: 2/2
   321 | D:1      | You fall through a shaft!
   354 | D:2      | Reached skill level 2 in Unarmed Combat
   354 | D:2      | Reached XP level 3. HP: 28/33 MP: 3/3
   964 | D:2      | Found a shimmering altar of Xom.
  1153 | D:2      | Reached skill level 3 in Unarmed Combat
  1153 | D:2      | Reached XP level 4. HP: 17/42 MP: 4/4
  1261 | D:2      | Noticed a hungry ghost
  1289 | D:2      | Killed a hungry ghost
  1289 | D:2      | Reached skill level 4 in Unarmed Combat
  1289 | D:2      | Reached XP level 5. HP: 41/50 MP: 5/5
  1869 | D:3      | Reached XP level 6. HP: 59/59 MP: 6/6
  2032 | D:3      | Learned a level 2 spell: Blink
  2486 | D:3      | Reached skill level 5 in Unarmed Combat
  2986 | D:4      | Found Fimin's Food Emporium.
  3081 | D:4      | You fall through a shaft for 3 floors!
  3108 | D:7      | Reached skill level 6 in Unarmed Combat
  3108 | D:7      | Reached XP level 7. HP: 67/67 MP: 7/7
  3233 | D:6      | Mangled by an orc warrior

Skill      XL: |  1  2  3  4  5  6 |
---------------+-------------------+-----
Fighting       | 1 2 3 |  3.6
Unarmed Combat | 1 2 3 4 6 |  6.2
Throwing       | |  1.7
Dodging        | |  1.5
Spellcasting   | |  1.0
Hexes          | |  2.0

Action                   |  1- 3 |  4- 6 |  7- 9 || total
-------------------------+-------+-------+-------++-------
Melee: Unarmed           |   136 |   187 |    18 ||   341
       Punch             |     1 |     1 |       ||     2
  Use: Scroll            |       |     5 |     2 ||     7
       Potion            |       |       |     2 ||     2
 Stab: Sleeping          |     3 |     2 |       ||     5
  Eat: Chunk             |    16 |    30 |     1 ||    47
Armor: Robe              |    54 |    70 |     5 ||   129
Dodge: Dodged            |    77 |    92 |     3 ||   172
